 Dungeon Crawl Stone Soup version 0.28-a0-533-g9f97627e2a (webtiles) character file.

Game seed: 16581078550946581242

273 speeev33 the Covered (level 6, -1/40 HPs)
             Began as a Gargoyle Fighter on Sept 25, 2021.
             Slain by a hound (3 damage)
             ... on level 4 of the Dungeon.
             The game lasted 00:04:09 (4101 turns).

speeev33 the Covered (Gargoyle Fighter)             Turns: 4101, Time: 00:04:10

Health: -1/40      AC: 20    Str: 22    XL:     6   Next: 24%
Magic:  6/6        EV:  6    Int: 14    God:
Gold:   196        SH:  5    Dex: 15    Spells: 5/5 levels left

rFire   . . .      SeeInvis .   o - +0 morningstar
rCold   . . .      Faith    .   c - +0 buckler
rNeg    + . .      Spirit   .   r - +0 plate armour
rPois   ∞          Reflect  .   l - +0 helmet
rElec   +          Harm     .   (no cloak)
rCorr   .          Rampage  .   (no gloves)
Will    .....                   g - +1 pair of boots
Stlth   ..........              (no amulet)
HPRegen 0.13/turn               n - +6 ring of dexterity
MPRegen 0.10/turn               a - +6 ring of intelligence

@: no status effects
A: sickness immunity, AC +4, negative energy resistance 1, electricity
resistance, torment resistance 1, petrification resistance
a: no special abilities


You were on level 4 of the Dungeon.
You visited 1 branch of the dungeon, and saw 5 of its levels.

You collected 196 gold pieces.

Inventory:

Hand Weapons
 o - a +0 morningstar (weapon)
Armour
 c - a +0 buckler (worn)
 g - a +1 pair of boots (worn)
 l - a +0 helmet (worn)
 r - a +0 plate armour (worn)
Jewellery
 a - a +6 ring of intelligence (right hand)
 f - an amulet of faith
 j - a ring of fire
 n - a +6 ring of dexterity (left hand)
Wands
 m - a wand of polymorph (11)
Scrolls
 q - a scroll of blinking {unknown}
Potions
 b - 2 potions of berserk rage
 d - 2 potions of might
 e - a potion of flight {unknown}
 h - 2 potions of heal wounds {unknown}
 i - a potion of brilliance {unknown}
 p - 2 potions of curing {unknown}


   Skills:
 + Level 4.8 Fighting
 + Level 3.8 Maces & Flails
 + Level 4.9 Armour
 - Level 4.0 Shields


You had 5 spell levels left.
You didn't know any spells.
Your spell library was empty.

Dungeon Overview and Level Annotations

Branches:
Dungeon (5/15)
 Temple: D:4-7

Altars:

Shops:
D:4 *


Innate Abilities, Weirdness & Mutations

You are immune to sickness and miasma.
Your stone body is resilient. (AC +4)
You are immune to poison.
You resist negative energy. (rN+)
You are resistant to electric shocks. (rElec)
You are resistant to unholy torment.
You are immune to petrification.


Message History

The gnoll hits you but does no damage.
You closely miss the hound.
The hound is severely wounded.
The hound bites you but does no damage. The gnoll hits you with a +0 whip.
* * * LOW HITPOINT WARNING * * *
The hound bites you but does no damage.
You miss the hound.
The hound is severely wounded.
The hound barely misses you. The gnoll closely misses you.
The hound bites you but does no damage. The gnoll hits you but does no damage.
You miss the hound.
The hound is severely wounded.
The hound bites you but does no damage. x2; The gnoll closely misses you.
Your plate armour prevents you from hitting the hound.
The hound is severely wounded.
You block the hound's attack. The gnoll hits you with a +0 whip.
* * * LOW HITPOINT WARNING * * *
The hound bites you.
* * * LOW HITPOINT WARNING * * *
You closely miss the hound.
The hound is severely wounded.
The hound barely misses you. The gnoll barely misses you.
The hound bites you but does no damage. The hound bites you but does no damage.
You block the gnoll's attack. The hound bites you but does no damage.
You block the hound's attack. The hound closely misses you.
The hound bites you but does no damage. The hound bites you but does no damage.
There is a stone staircase leading up here.
The hound bites you but does no damage.
You climb upwards.
There is a stone staircase leading down here.
You closely miss the hound.
The hound is heavily wounded.
The hound bites you but does no damage. The hound bites you.
* * * LOW HITPOINT WARNING * * *
You closely miss the hound.
The hound is heavily wounded.
The hound bites you.
You die...

###########.#.##.#
#...........
#.#..#.#
#...........
#.##.#.#
#........... #####
#.##.#.#
######...... ....#
#.##...### #######
...(# #.##.....#
....# #........#
....# ###......#
....# #.).@..# ....#
#..h...# ....#
#......#
....#########......#
....##.............#
....###.#.##########
....#..∩..#
....#.#.###
....#...#


You could see a hound.

Vanquished Creatures
  3 jellies (D:5)
  A hound skeleton (D:4)
  3 gnolls
  5 adders
  An ufetubus (D:3)
  2 worms (D:2)
  An adder skeleton (D:4)
  4 dart slugs
  3 orcs (D:3)
  10 ball pythons
  6 endoplasms
  2 giant cockroaches
  8 goblins
  2 hobgoblins
  2 jackals (D:2)
  6 quokkas
  3 bats
  A frilled lizard (D:1)
  8 kobolds
  7 rats
78 creatures vanquished.

Vanquished Creatures (collateral kills)
  A dart slug (D:3)
  A kobold (D:3)
2 creatures vanquished.

Grand Total: 80 creatures vanquished

Notes
Turn   | Place    | Note
-------+----------+-------------------------------------------
     0 | D:1      | speeev33 the Gargoyle Fighter began the quest for the Orb.
     0 | D:1      | Reached XP level 1. HP: 14/14 MP: 1/1
   255 | D:1      | Reached XP level 2. HP: 19/19 MP: 2/2
  1247 | D:2      | Reached XP level 3. HP: 22/24 MP: 3/3
  1537 | D:2      | Reached XP level 4. HP: 26/29 MP: 4/4
  2063 | D:2      | Found a faded altar of an unknown god.
  2649 | D:3      | Reached XP level 5. HP: 21/33 MP: 5/5
  3364 | D:4      | Found Kykiev's Assorted Antiques.
  3767 | D:5      | Entered Level 5 of the Dungeon
  4055 | D:5      | Reached XP level 6. HP: 38/39 MP: 6/6
  4100 | D:4      | HP: 2/40 [hound (4)]
  4101 | D:4      | Slain by a hound

Illustrated notes

Levels and vault maps discovered:
D:1:      dpeg_arrival_rhombi, layout_loops_cross
D:2:      layout_loops_ring, dilly_ecumenical_altar_fadedgnrine,
          grunt_ministairs_6, minmay_shallow_snake_nest
D:3:      layout_rooms
D:4:      layout_basic, serial_shops, nicolae_shop_crystal
D:5:      lemuel_castle_with_subvaults [lemuel_castle_interior_carwin_2],
          layout_cave_pods, serial_glass, glass_columns_a, glass_columns_c

Skill      XL: |  1  2  3  4 |
---------------+-------------+-----
Armour         | 4 |  4.9
Fighting       | 4 |  4.8
Shields        | 4 |  4.0
Maces & Flails | 3 |  3.8

Action                   |  1- 3 |  4- 6 || total
-------------------------+-------+-------++-------
Melee: Flail             |    82 |    90 ||   172
       Morningstar       |       |   123 ||   123
  Use: Scroll            |     2 |     4 ||     6
Armor: Scale mail        |    59 |    37 ||    96
       Chain mail        |       |    99 ||    99
       Plate armour      |       |    68 ||    68
Dodge: Dodged            |    42 |   101 ||   143
Block: Buckler           |    22 |    75 ||    97

Table legend: (Time is in decaauts)
 A = Elapsed time spent in this place.
 B = Non-inter-level travel time spent in this place.
 C = Inter-level travel time spent in this place.
 D = Time resting spent in this place.
 E = Time spent auto-exploring this place.
 F = Levels seen in this place.
 G = Mean time per level.
                   A        B        C        D        E       F      G
               +--------+--------+--------+--------+--------+-----+--------+
         Total |   4190 |   3955 |    235 |    460 |   2700 |   5 |  838.0 |
       Dungeon |   4190 |   3955 |    235 |    460 |   2700 |   5 |  838.0 |
               +--------+--------+--------+--------+--------+-----+--------+

Top non-repeatable levels by time:
     D:2: 1211 daAuts
     D:1: 1048 daAuts
     D:3: 1017 daAuts
     D:4: 846 daAuts
     D:5: 66 daAuts
